Map: Lightshade LE

Players

Denver

  • Race: Zerg Zerg
  • League: Grandmaster
  • Spawn Location: 5:00

Reynor - Winner!

  • Race: Zerg Zerg
  • League: Master
  • Spawn Location: 11:00

Event: DreamHack SC2 Masters 2020 Winter

VOD

Have the link to the VOD?

Description

Time

  • Played on: Nov. 1, 2020, 10:20 a.m.
  • Length: 5:28

All games in this series

Show
View Real Time Build Order
Export as new Build Order

Denver Zerg 

Build Orders: Hatch First 

Get SALT Encoding   

  12  0:00  Drone  
  13  0:12  Overlord  
  13  0:17  Drone  
  14  0:31  Drone x2  
  16  0:48  Hatchery  
  15  0:50  Drone  
  15  0:54  Drone  
  17  0:58  Drone  
  18  1:08  Extractor  
  17  1:13  Spawning Pool  
  17  1:16  Drone  
  17  1:20  Drone  
  18  1:28  Drone  
  19  1:38  Drone  
  20  1:49  Drone  
  21  2:00  Queen x2  
  21  2:01  Overlord  
  25  2:02  Zergling x2  
  26  2:10  Drone  
  26  2:11  Drone  
  28  2:22  Drone x2  
  30  2:32  Overlord  
  30  2:33  Drone  
  30  2:36  Queen  
  33  2:38  Lair  
  33  2:41  Evolution Chamber  
  33  2:43  Drone  
  33  2:46  Drone  
  33  2:55  Evolution Chamber  
  32  2:59  Roach Warren  
  32  3:01  Drone  
  32  3:04  Spine Crawler  
  31  3:09  Drone  
  31  3:10  Drone  
  33  3:18  Evolution Chamber  
  33  3:19  Evolution Chamber  
  31  3:22  Zergling x4  
  31  3:25  Zergling x2  
  31  3:27  Zergling x2  
  35  3:29  Zergling x2  
  34  3:36  Drone x2  
  34  3:37  Drone  
  34  3:41  Queen  
  35  3:48  Drone x2  
  37  3:59  Queen  
  37  4:01  Drone  
  40  4:04  Drone  
  40  4:05  Drone  
  41  4:12  Drone x3  
  40  4:18  Drone  
  40  4:23  Drone  
  42  4:30  Extractor, Spire  
  40  4:34  Extractor  
  40  4:35  Drone x2  
  41  4:42  Drone  
  42  4:48  Drone  
  42  4:49  Evolution Chamber  
  42  4:50  Drone x2  
  42  4:51  Drone  
  40  4:55  Zergling x2  
  40  4:58  Spine Crawler  
  42  5:07  Evolution Chamber  
  42  5:12  Evolution Chamber  
  42  5:13  Drone x3  
  41  5:25  Evolution Chamber  
Show
View Real Time Build Order
Export as new Build Order

Reynor Zerg - Winner!

Build Orders: Pool First, Zergling Baneling 

Get SALT Encoding   

  12  0:00  Drone  
  13  0:12  Overlord  
  13  0:16  Drone  
  14  0:31  Drone x2  
  14  0:33  Drone  
  17  0:40  Extractor  
  16  0:44  Drone  
  17  0:50  Spawning Pool  
  17  0:55  Drone  
  17  1:06  Drone  
  18  1:20  Hatchery  
  17  1:26  Drone  
  18  1:36  Zergling x2  
  18  1:37  Queen  
  21  1:44  Metabolic Boost  
  21  1:51  Overlord  
  21  1:55  Zergling x2  
  22  2:08  Baneling Nest  
  22  2:09  Zergling x2  
  22  2:10  Zergling x2  
  23  2:16  Queen  
  23  2:21  Zergling x2  
  26  2:32  Zergling x4  
  28  2:49  Zergling x10  
  33  2:52  Baneling x2  
  33  2:56  Overlord  
  33  2:59  Drone  
  33  3:04  Drone  
  35  3:10  Drone  
  36  3:14  Drone  
  34  3:21  Drone  
  33  3:28  Drone x5  
  35  3:36  Drone x3  
  38  3:43  Overlord  
  38  3:48  Zergling x2  
  38  3:51  Queen  
  38  3:53  Zergling x2  
  42  4:00  Zergling x2  
  43  4:07  Zergling x2  
  43  4:08  Zergling x12  
  49  4:16  Zergling x2  
  49  4:17  Zergling x2  
  49  4:24  Zergling x2  
  49  4:26  Baneling  
  49  4:31  Zergling x2  
  51  4:34  Overlord  
  51  4:43  Hatchery  
  49  4:46  Zergling x4  
  49  4:47  Zergling x2  
  49  4:51  Zergling x2  
  49  4:52  Evolution Chamber  
  50  4:53  Overlord  
  50  4:54  Zergling x6  
  50  4:58  Baneling x7  
  53  5:00  Baneling  
  53  5:03  Zergling x2  
  53  5:05  Baneling  
  53  5:06  Zergling x2  
  55  5:10  Zergling x2  
Tags
 
Add a new tag
Caveats
  • Supply blocks, unpowered buildings, or Contaminate may cause inaccurate times.
  • Supply counts are checked every 10 seconds.